Cogmind - Beta 10.1 @@@ ROGUE MODE // 2020.10.19 @ 15:17:55 Player: Shamgod Result: Destroyed by G-34 Mercenary with Small Laser Performance ------------- Evolutions (0) 0 Regions Visited (4) 800 Robots Destroyed (36) 180 Value Destroyed (735) 735 Prototype IDs (3) 60 Alien Tech Used (0) 0 Bonus (300) 300 TOTAL SCORE: 2075 Bonus ------- Aligned with FarCom 300 Cogmind --------- Core Integrity 0/250 Matter 206/300 Energy 250/250 System Corruption 8% Temperature Cool (170) Movement Rolling (130) Ox3 Location -9/Mines Parts ------- > --- POWER (1) -------- Ion Engine > --- PROPULSION (2) --- Compact Wheel > --- UTILITY (2) ------ Large Storage Unit High-capacity Storage Unit > --- WEAPON (2) ------- Light Assault Rifle Shotgun > --- INVENTORY (18) --- Ion Engine Ion Engine Light Nuclear Core Compact Wheel Large Storage Unit Large Storage Unit High-capacity Battery (400) Superbattery (2000) Sensor Array Sensor Array Signal Interpreter Power Shielding Utility Shielding Shotgun Mace Peak State ------------ > --- POWER ------------ Ion Engine > --- PROPULSION ------- Light Treads Compact Wheel > --- UTILITY ---------- High-capacity Storage Unit Superbattery > --- WEAPON ----------- Particle Gun Mace > --- INVENTORY -------- Ion Engine Ion Engine Light Nuclear Core Compact Wheel Compact Wheel Large Storage Unit Sensor Array Signal Interpreter Particle Gun Light Assault Rifle Shotgun [Rating: 19] Favorites ----------- Power Ion Engine Engine Ion Engine Propulsion Compact Wheel Treads Light Treads Wheel Compact Wheel Utility High-capacity Storage Unit Device Sensor Array Storage High-capacity Storage Unit Processor Signal Interpreter Weapon Light EM Pulse Cannon Energy Gun Particle Gun Energy Cannon Light EM Pulse Cannon Ballistic Gun Light Assault Rifle Special Weapon Field Lobotomy Kit Impact Weapon Mace Slashing Weapon Longsword +1 Build | -11 -10 -10 -10 -9 ------- Run | Scr Mat Min Exi Min Slots Evolved . | . . . . . Power . | . . . . . Propulsion . | . . . . . Utility . | . . . . . Weapon . | . . . . . Parts Attached 66 | 7 35 16 5 3 Power 4 | 1 3 . . . Engine 4 | 1 3 . . . Core . | . . . . . Reactor . | . . . . . Propulsion 9 | 2 6 . . 1 Treads 4 | . 4 . . . Leg . | . . . . . Wheel 5 | 2 2 . . 1 Hover . | . . . . . Flight . | . . . . . Utility 14 | 2 10 . 2 . Device 3 | 1 2 . . . Storage 10 | 1 7 . 2 . Processor 1 | . 1 . . . Hackware . | . . . . . Protection . | . . . . . Artifact . | . . . . . Weapon 39 | 2 16 16 3 2 Energy Gun 9 | 2 2 4 1 . Energy Cannon 12 | . 4 8 . . Ballistic Gun 11 | . 6 3 . 2 Ballistic Cannon . | . . . . . Launcher . | . . . . . Special Weapon 1 | . . . 1 . Impact Weapon 5 | . 4 1 . . Slashing Weapon 1 | . . . 1 . Piercing Weapon . | . . . . . Special Melee Weapon . | . . . . . Unidentified Prototypes 3 | . . . 3 . Parts Lost 7 | . 3 . . 4 Power . | . . . . . Propulsion 2 | . . . . 2 Utility 1 | . 1 . . . Weapon 4 | . 2 . . 2 Highest Loss Streak 4 | . 1 . . 4 Average Slot Usage (%) 98 | . 97 100 95 98 Engine 13 | . 13 14 14 14 Treads 13 | . 12 14 14 11 Wheel 14 | . 14 14 14 15 Storage 26 | . 24 28 26 28 Energy Gun 7 | . 2 9 17 25 Energy Cannon 7 | . 7 10 . . Ballistic Gun 8 | . 13 5 . 2 Impact Weapon 3 | . 3 3 7 . Naked Turns . | . . . . . Heaviest Build 61 | 11 61 61 59 59 Greatest Support 32 | 32 32 20 16 20 Greatest Overweight (x) 5 | . 5 3 3 3 Average Overweight (x) 2 | . 2 2 2 2 Largest Inventory Capacity 18 | 6 18 18 18 18 Average Capacity 16 | 5 15 18 17 18 Most Carried 18 | 6 18 18 18 18 Average Carried 16 | 4 14 17 17 17 Final Capacity 18 | 6 18 18 18 18 Final Carried 18 | 6 18 18 18 15 Class Distribution -------------------- 100% | Mutant Dominant Class ---------------- Mutant | -10/Materials Mutant | -10/Mines Mutant | -10/Exiles Mutant | -9/Mines Resources | -11 -10 -10 -10 -9 ----------- Run | Scr Mat Min Exi Min Matter Collected 1024 | 270 494 260 . . Remotely 224 | 224 . . . . Salvage Created 1212 | 125 582 425 . 80 Parts 68 | 3 44 15 . 6 Haulers Intercepted . | . . . . . Recyclers Shooed 4 | . 4 . . . Parts Field Recycled . | . . . . . Retrieved Matter . | . . . . . Parts Self-Destructed . | . . . . . Prevented . | . . . . . Kills | -11 -10 -10 -10 -9 ------- Run | Scr Mat Min Exi Min Combat Hostiles Destroyed 28 | . 15 11 . 2 Guns 19 | . 9 8 . 2 Cannons 7 | . 5 2 . . AOE 1 | . 1 . . . Classes Destroyed 6 | 2 3 . . 1 Tunneler 1 | 1 . . . . Recycler 4 | 1 2 1 . . Watcher 3 | . 3 . . . Swarmer 15 | . 9 6 . . Grunt 12 | . 6 5 . 1 Brawler 1 | . . . . 1 Best Kill Streak 4 | 2 4 3 . 2 Combat Bots Only 3 | . 3 3 . 2 Max Kills in Single Turn 2 | 1 1 2 . 1 Gunslinging . | . . . . . Exploded 1 | . 1 . . . Melee . | . . . . . Uniques/NPCs Destroyed . | . . . . . Combat | -11 -10 -10 -10 -9 -------- Run | Scr Mat Min Exi Min Damage Taken 1252 | . 654 387 . 211 Core 259 | . 142 74 . 43 Absorbed by Shields . | . . . . . Core Remaining (%) 100 | 100 . . . . Volleys Fired 100 | 4 57 32 . 7 Largest 2 | 2 2 2 . 2 Hottest 130 | 90 112 112 . 130 Shots Fired 189 | 8 107 61 . 13 Gun 144 | 8 90 33 . 13 Cannon 45 | . 17 28 . . Launcher . | . . . . . Special . | . . . . . Kinetic 99 | . 78 15 . 6 Thermal 45 | 8 12 18 . 7 Explosive . | . . . . . Electromagnetic 45 | . 17 28 . . Robot Hit Streak 9 | 4 7 9 . 9 Robot Miss Streak 6 | 1 6 5 . 1 Penetration Max . | . . . . . Secondary Targets 1 | . 1 . . . Max Gunslinging Chain 1 | . 1 . . . Shots Hit Robots 107 | 6 52 38 . 11 Core Hits 52 | 3 29 15 . 5 Critical Hits 1 | . . 1 . . Critical Kills 1 | . . 1 . . Critical Parts Destroyed . | . . . . . Melee Attacks 27 | . 23 4 . . Impact 27 | . 23 4 . . Slashing . | . . . . . Piercing . | . . . . . Sneak Attacks . | . . . . . Combat Hostiles . | . . . . . Follow-up Attacks . | . . . . . Damage Inflicted 1642 | 71 697 714 . 160 Guns 882 | 71 364 287 . 160 Cannons 658 | . 274 384 . . Explosions 102 | . 59 43 . . Melee . | . . . . . Ramming . | . . . . . Kinetic 549 | . 323 148 . 78 Thermal 435 | 71 100 182 . 82 Explosive . | . . . . . Electromagnetic 658 | . 274 384 . . Impact . | . . . . . Slashing . | . . . . . Piercing . | . . . . . Highest Corruption 8 | . 3 3 3 8 Average Corruption 3 | . 2 3 3 3 Corruption Purged . | . . . . . Effects 54 | . 25 21 7 1 Message Errors 8 | . 5 1 2 . Matter Fused 13 | . 6 5 2 . Heat Flow Errors 9 | . 2 6 1 . Energy Discharges 7 | . 2 3 2 . Data Loss (minor) 8 | . 4 4 . . Targeting Errors 9 | . 6 2 . 1 Overload Shots . | . . . . . Overflow Damage . | . . . . . Projectiles . | . . . . . Explosions . | . . . . . Melee . | . . . . . Knockbacks . | . . . . . Impact . | . . . . . Kinetic . | . . . . . Secondary . | . . . . . Self-Inflicted Damage 41 | . 32 9 . . Shots 2 | . 1 1 . . Rammed . | . . . . . Targets Rammed . | . . . . . Kicked . | . . . . . Crushed . | . . . . . Highest Temperature 483 | 90 238 483 185 214 Average Temperature 108 | 40 61 132 95 146 Received Heat Transfer 255 | . 99 84 . 72 Effects 7 | . . 7 . . Shutdowns 2 | . . 2 . . Interference 3 | . . 3 . . Damage (major) 2 | . . 2 . . Siege Activations . | . . . . . Robots Corrupted 1 | . . 1 . . Combat Hostiles 1 | . . 1 . . Parts Fried 4 | . . 4 . . Impact Corruptions . | . . . . . Robots Melted . | . . . . . Combat Hostiles . | . . . . . Parts Melted . | . . . . . Heat Transferred 903 | 198 137 383 . 185 Parts Sabotaged . | . . . . . Parts Stolen . | . . . . . Parts Stripped . | . . . . . Power Chain Reactions 2 | . 1 1 . . Missiles Intercepted . | . . . . . Alert | -11 -10 -10 -10 -9 ------- Run | Scr Mat Min Exi Min Peak Influence 155 | 10 155 132 . 50 Initial 27 | . 6 27 . . Average 56 | 3 66 50 . 11 Maximum Alert Level . | . . . . . Low Security (%) 100 | 100 100 100 . 100 Level 1 . | . . . . . Level 2 . | . . . . . Level 3 . | . . . . . Level 4 . | . . . . . Level 5 . | . . . . . High Security . | . . . . . Max Security . | . . . . . Squads Dispatched 4 | . 3 . . 1 Investigation 3 | . 2 . . 1 Extermination . | . . . . . Reinforcement 1 | . 1 . . . Assault . | . . . . . Garrison . | . . . . . Intercept . | . . . . . Construction Impeded . | . . . . . Haulers Reinforced . | . . . . . Stealth | -11 -10 -10 -10 -9 --------- Run | Scr Mat Min Exi Min Distress Signals 1 | . 1 . . . Communications Jammed . | . . . . . Distress Signals . | . . . . . Times Spotted 41 | . 23 13 . 5 Peak Tracking Total 5 | . 5 3 . 5 Tactical Retreats 6 | . 3 3 . . Traps | -11 -10 -10 -10 -9 ------- Run | Scr Mat Min Exi Min Traps Triggered 5 | . 5 . . . Indirectly . | . . . . . Trap Hack Attempts . | . . . . . Triggered . | . . . . . Disarmed . | . . . . . Reprogrammed . | . . . . . Reused . | . . . . . Traps Extracted . | . . . . . Installed . | . . . . . Triggered . | . . . . . Exploded 1 | . . . 1 . Machines | -11 -10 -10 -10 -9 ---------- Run | Scr Mat Min Exi Min Machines Disabled 1 | . 1 . . . Max in Single Turn 1 | . 1 . . . Machines Sabotaged . | . . . . . Garrisons Compromised . | . . . . . Overloaded Fab Kills . | . . . . . Fab Network Shutdowns . | . . . . . Hacking | -11 -10 -10 -10 -9 --------- Run | Scr Mat Min Exi Min Machines Accessed 11 | . 9 . 1 1 Terminals 8 | . 7 . . 1 Fabricators . | . . . . . Repair Stations 1 | . 1 . . . Recycling Units 1 | . 1 . . . Scanalyzers . | . . . . . Garrison Access . | . . . . . Total Hacks 47 | . 29 . 9 9 Successful 31 | . 17 . 9 5 Failed 16 | . 12 . . 4 Catastrophic 3 | . 2 . . 1 Database Lockouts . | . . . . . Manual 24 | . 15 . 1 8 Terminals 34 | . 25 . . 9 Fabricators . | . . . . . Repair Stations 2 | . 2 . . . Recycling Units 2 | . 2 . . . Scanalyzers . | . . . . . Garrison Access . | . . . . . Terminal Hacks 22 | . 10 . 9 3 Record 11 | . . . 9 2 Terminal Index 2 | . 1 . . 1 Alert Level 1 | . 1 . . . Unreport Threat 1 | . 1 . . . Locate Traps 2 | . 2 . . . Dispatch Records 1 | . 1 . . . Recall Investigation 1 | . 1 . . . Recall Reinforcements 1 | . 1 . . . Zone Layout 2 | . 2 . . . Fabricator Hacks . | . . . . . Repair Station Hacks 2 | . 2 . . . Scan Component 1 | . 1 . . . Repair 1 | . 1 . . . Recycling Unit Hacks 2 | . 2 . . . Report Inventory 1 | . 1 . . . Retrieve Components 1 | . 1 . . . Scanalyzer . | . . . . . Garrison Access Hacks . | . . . . . Unauthorized Hacks 5 | . 3 . . 2 Terminals 5 | . 3 . . 2 Track 2 | . 1 . . 1 Botnet 2 | . 1 . . 1 Operators 1 | . 1 . . . Fabricators . | . . . . . Repair Stations . | . . . . . Recycling Units . | . . . . . Scanalyzers . | . . . . . Garrison Access . | . . . . . Data Cores Recovered . | . . . . . Used . | . . . . . Hacking Detections 9 | . 8 . . 1 Full Trace Events 4 | . 3 . . 1 Feedback Events . | . . . . . Feedback Blocked . | . . . . . Robot Schematics Acquired . | . . . . . Robots Built . | . . . . . Matter . | . . . . . Time . | . . . . . Total Robot Build Rating . | . . . . . Part Schematics Acquired . | . . . . . Parts Built . | . . . . . Matter . | . . . . . Time . | . . . . . Total Part Build Rating . | . . . . . Parts Repaired 1 | . 1 . . . Time 26 | . 26 . . . Parts Recycled . | . . . . . Recycled Matter . | . . . . . Retrieved Matter . | . . . . . Retrieved Components 6 | . 6 . . . Parts Scanalyzed . | . . . . . Part Schematics Acquired . | . . . . . Parts Damaged . | . . . . . Bothacking | -11 -10 -10 -10 -9 ------------ Run | Scr Mat Min Exi Min Used RIF Installer . | . . . . . Robots Hacked . | . . . . . Non-combat . | . . . . . Combat . | . . . . . Robot Hacks Applied . | . . . . . Relay Couplers Released . | . . . . . Robots Rewired . | . . . . . Allies Hacked . | . . . . . Hacks Repelled . | . . . . . Allies | -11 -10 -10 -10 -9 -------- Run | Scr Mat Min Exi Min Total Allies . | . . . . . Largest Group . | . . . . . Highest-Rated Group . | . . . . . Highest-Rated Ally . | . . . . . Total Orders . | . . . . . Ally Attacks . | . . . . . Total Damage . | . . . . . Kills . | . . . . . Allies Corrupted . | . . . . . Allies Melted . | . . . . . Intel | -11 -10 -10 -10 -9 ------- Run | Scr Mat Min Exi Min Robot Analysis Total . | . . . . . Derelict Logs Recovered 2 | . . 2 . . Drone Launches . | . . . . . Drone Recoveries . | . . . . . Exploration | -11 -10 -10 -10 -9 ------------- Run | Scr Mat Min Exi Min Turns Passed 3413 | 68 1576 1266 404 99 Spaces Moved 1836 | 45 788 656 298 49 Core 10 | 9 1 . . . Treads 494 | . 193 300 . 1 Legs . | . . . . . Wheels 1332 | 36 594 356 298 48 Hover . | . . . . . Flight . | . . . . . Fastest Speed 50 | 50 100 130 120 130 Average Speed 147 | 90 143 165 129 131 Slowest Speed 300 | 100 300 220 130 200 Overloaded Moves . | . . . . . Propulsion Burnouts . | . . . . . Robots Hopped . | . . . . . Cave-ins Triggered . | . . . . . Exploration Rate (%) 54 | 5 97 99 60 10 Regions Visited 4 Branch Regions 3 Pre-discovered Areas . | . . . . . Known Exits Taken . | . . . . . Unknown Exits Taken 4 | 1 1 1 1 . Scrap Searched 4 | . . 4 . . Spaces Dug 16 | . 12 4 . . Terrain Destroyed 22 | . 14 8 . . Melee 16 | . 12 4 . . Projectile . | . . . . . AOE 6 | . 2 4 . . Terrain Rammed . | . . . . . Walls Destroyed . | . . . . . Machines Disabled . | . . . . . Actions | -11 -10 -10 -10 -9 --------- Run | Scr Mat Min Exi Min Total 2314 | 61 1100 763 319 71 Wait 203 | . 140 51 . 12 Move 1832 | 44 787 655 297 49 Hop . | . . . . . Pick Up 55 | 6 37 2 10 . Fast Attach 20 | 7 10 1 2 . Attach 12 | . 7 . 2 3 Detach 4 | . 3 . 1 . Swap 34 | . 18 15 1 . Drop 27 | . 18 3 6 . Fire 100 | 4 57 32 . 7 Melee 27 | . 23 4 . . Ram . | . . . . . Kick . | . . . . . Crush . | . . . . . Escape Stasis . | . . . . . Rewire . | . . . . . Trap . | . . . . . Miscellaneous . | . . . . . Route ------- -11/Scrapyard -10/Materials (discovered 4 exits: *Mat x3 / [*Min]) -10/Mines (discovered 3 exits: *Mat x2 / *Exi) -10/Exiles (discovered 2 exits: *Min x2) -9/Mines History --------- Turn | Location | Event 7 | -11/Scrapyard | Discovered new exit (range 14) 69 | -11/Scrapyard | Entered Materials 263 | -10/Materials | Discovered new exit (range 13) 299 | -10/Materials | Identified exit to Materials 336 | -10/Materials | Build established: Mutant 905 | -10/Materials | Core integrity fell below 50% 979 | -10/Materials | Discovered exit to Materials (range 14) 1288 | -10/Materials | Discovered exit to Materials (range 9) 1372 | -10/Materials | Repaired Com. Wheel 1476 | -10/Materials | Discovered new exit (range 6) 1645 | -10/Materials | Entered Mines 2193 | -10/Mines | Discovered exit to Materials (range 11) 2573 | -10/Mines | Core integrity fell below 20% 2606 | -10/Mines | Discovered exit to Materials (range 10) 2854 | -10/Mines | Deemed a non-threat by the Exiles lab entrance 2854 | -10/Mines | Discovered new exit (range 5) 2911 | -10/Mines | Entered Exiles 2941 | -10/Exiles | Discovered new exit (range 15) 2980 | -10/Exiles | Met 8R-AWN 2997 | -10/Exiles | Met EX-HEX 3036 | -10/Exiles | Met EX-BIN 3064 | -10/Exiles | Aligned with FarCom system 3065 | -10/Exiles | Given EX-Vault access code 3101 | -10/Exiles | Opened EX-Vault 3107 | -10/Exiles | Found Prototype Storage 3109 | -10/Exiles | Identified Superbattery 3118 | -10/Exiles | Found Prototype Special Weapon 3119 | -10/Exiles | Identified Field Lobotomy Kit 3122 | -10/Exiles | Found Prototype Slashing Weapon 3122 | -10/Exiles | Identified Longsword +1 3170 | -10/Exiles | Exiles lab attacked by MAIN.C 3305 | -10/Exiles | Discovered new exit (range 10) 3315 | -10/Exiles | Left Exiles lab with Superbattery 3315 | -10/Exiles | Entered Mines 3367 | -9/Mines | Met a Derelict bent on vengeance 3414 | -9/Mines | Destroyed by G-34 Mercenary with Small Laser Last Messages --------------- growing toll on [Earth]'s resources. 03326_ ALERT: Suspicious activity at Terminal M001. Dispatching Investigation squad. 03326_ K-01 Serf collects debris. 03330_ K-01 Serf cleans the Core Extractor. 03331_ GM-J5T: "Oh no, it's like what happened to the Exiles when they were wandering homeless, only there's no Warlord to save us!" 03333_ K-01 Serf collects debris. 03397_ Lgt. Treads destroyed. 03399_ System corrupted: Particle Gun targeting data glitched. 03401_ Com. Wheel destroyed. 03401_ Particle Gun destroyed. 03401_ System corrupted by crushing effect (+3). 03401_ System corrupted by crushing effect (+1). 03404_ Particle Gun destroyed. 03404_ System corrupted by crushing effect (+1). 03406_ B-36 Bruiser destroyed. 03408_ K-01 Serf collects debris. 03409_ G-34 Mercenary destroyed. 03410_ K-01 Serf collects debris. Map ----- +----------------------------------------------------+ | ????????????????????????????????????????? | | ????????????????????????????????????????? | | ????????????????????????????????????????? | | ????????????????????????????????????????? | | ????????????????????????????????????????? | | ????????????????????????????????????????? | | ????????????????????????????????????????? | | ????????????????????????????????????????? | | ????????????????????????????????????????? | | ????????????????????????????????????????? | | ????????????????????????????????????????? | | ????????????????????????????????????????? | | ????????????????????????????????????????? | | ??????????????????????u?????????????????? | | ????????????????????????????##??????????? | | ??????????????????????????###T#########?? | | ??????????????????????????# #?? | | ??????????????????????r???# #?? | | ???????????????????ur?????# """ #?? | | ??????????????????????##### """ #?? | | ?????????????????????## ## """ #?? | | ????????????????????## # #?? | | ????????????????????# # #?? | | ????????????????????# ########## ##?? | | ????????????????????## ! ######### #??? | | ?????????????????????# *%@ #??? | | ?????????????????????##gg=k #??? | | ??????????????????????#g##############??? | | ??????????????????????# #???????????????? | | ????????????????????? ??????????????? | | ????????????????????# """ ????????????? | | ??????????????????? ! """ #??????????? | | ??????????????????### """ #??????????? | | ????????????????????# #??????????? | | ????????????????????##########??????????? | | ????????????????????????????????????????? | | ????????????????????????????????????????? | | ????????????????????????????????????????? | | ????????????????????????????????????????? | | ????????????????????????????????????????? | | ????????????????????????????????????????? | | ????????????????????????????????????????? | | ????????????????????????????????????????? | | ????????????????????????????????????????? | | ????????????????????????????????????????? | | ????????????????????????????????????????? | | ????????????????????????????????????????? | | | | | | | +----------------------------------------------------+ Best States ------------- Heat Dissipation 25 Energy Generation 10 Energy Capacity 2250 Matter Stores 300 Matter Capacity 300 Sight Range 16 Robot Scan Range 10 Terrain Scan Density 10 Evasion (%) 50 Recoil Reduction 1 Item Schematics ----------------- None Robot Schematics ------------------ None Fabricated ------------ Nothing Alien Tech Used ----------------- None Achievements -------------- GoHome() Part-time Excavator Challenges ------------ None Game ------ Seed SmartbombMissileSheargun Manual? 0 Play Time 00:59:58 Cumulative 16.2 hours Start 2020.10.19 @ 12:52:30 End 2020.10.19 @ 15:17:55 Sessions 1 Manual Loads 0 Difficulty Rogue Special Mode None Game No. 25 Rogue 25 Adventurer 0 Explorer 0 Win Type - Total 0 Types 0/0/0/0/0/0/0/0/0 Lore% 14 Gallery% 17 Achievement% 15 Wizard Run 0 Options --------- ASCII 0 Keyboard 1 Movement Numpad Keybinds 0 Fullscreen 1 Font 16/Dina Map View 76x50 Tactical HUD 1 Map Filters NONE Filters NONE Steam 1 RUN: 6bddd7b2-7c6d-4a01-bc6a-e9fbcf1eacc4